 Dungeon Crawl Stone Soup version 0.28-a0-1038-g9c4cb8273d (webtiles) character file.

Game seed: 15773969172363514074

747 porpoise the Sneak (level 7, -7/48 HPs)
             Began as an Octopode Transmuter on Dec 9, 2021.
             Mangled by a yak (10 damage)
             ... on level 4 of the Dungeon.
             The game lasted 00:14:14 (4645 turns).

porpoise the Sneak (Octopode Transmuter)            Turns: 4645, Time: 00:14:15

Health: -7/48      AC:  5    Str:  9    XL:     7   Next: 77%
Magic:  13/13      EV: 13    Int: 16    God:
Gold:   165        SH:  0    Dex: 14    Spells: 11/14 levels left

rFire   . . .      SeeInvis .     - Unarmed
rCold   . . .      Faith    .   (no shield)
rNeg    . . .      Spirit   .   (helmet currently unavailable)
rPois   .          Reflect  .   (no amulet)
rElec   .          Harm     .   j - +4 ring of protection
rCorr   .          Rampage  .   o - ring of flight
Will    .....                   (no ring)
Stlth   ++++......              (no ring)
HPRegen 0.16/turn               (no ring)
MPRegen 0.13/turn               (no ring)
                                (no ring)
                                (no ring)

@: appendages (expiring), flying, hasted, very quick
A: tentacle spike 3, almost no armour, amphibious, 8 rings, camouflage 1,
gelatinous body 1, (nimble swimmer 1), tentacles
a: End Transformation


You were on level 4 of the Dungeon.
One of your tentacles had grown a beastly spike.
You visited 1 branch of the dungeon, and saw 4 of its levels.

You collected 165 gold pieces.

Inventory:

Missiles
 b - 67 sling bullets
 c - 7 bolts
 e - 5 javelins (quivered)
 h - 15 arrows
 m - 24 stones
 q - a throwing net
Jewellery
 j - a +4 ring of protection (left tentacle)
 o - a ring of flight (right tentacle)
Scrolls
 a - 2 scrolls of fog
 d - a scroll of summoning {unknown}
 i - a scroll of holy word
 n - a scroll of enchant armour
 r - a scroll of identify {unknown}
Potions
 f - a potion of mutation {unknown}
 g - a potion of magic {unknown}
 k - a potion of lignification {unknown}
 p - a potion of heal wounds {unknown}


   Skills:
 * Level 4.0 Fighting
 - Level 2.0 Dodging
 * Level 5.7 Stealth
 + Level 4.1 Unarmed Combat
 * Level 4.2 Spellcasting
 + Level 3.4 Transmutations


You had 11 spell levels left.
You knew the following spells:

 Your Spells              Type           Power      Damage    Failure   Level
a - Beastly Appendage     Tmut           28%        N/A       4%          1
b - Wereblood             Tmut           14%        N/A       6%          2

Your spell library contained the following spells:

 Spells                   Type           Power      Damage    Failure   Level
 Slow                     Hex            12%        N/A       17%         1
 Spider Form              Tmut/Pois      8%         N/A       24%         3
 Confusing Touch          Hex            3%         N/A       45%         3
 Ice Form                 Ice/Tmut       8%         N/A       63%         4
 Yara's Violent Unravell  Hex/Tmut       4%         3d4       92%         5


Dungeon Overview and Level Annotations

Branches:
Dungeon (4/15)
 Temple: D:4-7

Altars:
Ru

Shops:
D:4 (


Innate Abilities, Weirdness & Mutations

One of your tentacles has grown a beastly spike.
You cannot wear most types of armour.
You are amphibious.
You can wear up to eight rings at the same time.
Your skin changes colour to match your surroundings (Stealth+).
Your rubbery body absorbs attacks. (AC +1, EV +1)
((You are camouflaged near water. (Stealth+)))
You have tentacles for arms and can constrict up to eight enemies at once.


Message History

The yak gores you!
You tentacle-slap the yak.
The yak is lightly wounded.
Your transformation is almost over.
The orc barely misses you.
You tentacle-slap the yak but do no damage.
You pierce the yak.
Your squeeze misses the yak.
The yak is lightly wounded.
The yak gores you!
* * * LOW HITPOINT WARNING * * *
The orc misses you.
The yak bellows!
You barely miss the yak. You squeeze the yak!
The yak is moderately wounded.
You tentacle-slap the yak.
Your tentacle spike misses the yak.
The yak is moderately wounded.
The yak closely misses you. The orc hits you but does no damage.
You tentacle-slap the yak. You squeeze the yak, but do no damage.
The yak is moderately wounded.
The yak barely misses you.
You tentacle-slap the yak but do no damage.
The yak is moderately wounded.
The orc barely misses you.
You barely miss the yak.
You tentacle-slap the yak, but do no damage.
You squeeze the yak, but do no damage.
The yak is moderately wounded.
The yak barely misses you. The orc barely misses you.
You tentacle-slap the yak.
The yak is heavily wounded.
You tentacle-slap the yak.
Your tentacle spike misses the yak.
The yak is heavily wounded.
The yak gores you!
* * * LOW HITPOINT WARNING * * *
The orc hits you from afar with a +0 trident.
* * * LOW HITPOINT WARNING * * *
You tentacle-slap the yak but do no damage.
The yak is heavily wounded.
The yak gores you!
You die...

#..Y..........#≈≈≈#.
#.......#####.#≈_≈#.
#.......## .#...##
#..o.......$ ##.≈.#
####......#####
#...# ####...Y#...##
#.≈.# #.......#####
#...# #......o###
#.≈.# #......YY@#
##.=.## #########.#
#≈.≈.≈. #.# ##.≈.≈.#
#.#########......#
#..)[)........####
#######.......#
#.......# #.......#
#########


You could see 2 yaks and an orc.

Vanquished Creatures
  Sigmund (D:4)
  A yak (D:4)
  Menkaure (D:4)
  A water moccasin (D:4)
  2 jellies (D:4)
  Jessica (D:2)
  4 gnolls (D:4)
  3 adders
  A worm (D:3)
  3 dart slugs
  6 orcs (D:4)
  3 bats
  4 endoplasms
  4 giant cockroaches
  3 hobgoblins
  2 quokkas
  4 ball pythons
  A frilled lizard (D:1)
  2 goblins
  4 kobolds
  5 rats
56 creatures vanquished.

Vanquished Creatures (others)
  A plant (D:4)
1 creature vanquished.

Grand Total: 57 creatures vanquished

Notes
Turn   | Place    | Note
-------+----------+-------------------------------------------
     0 | D:1      | porpoise the Octopode Transmuter began the quest for the
                  | Orb.
     0 | D:1      | Reached XP level 1. HP: 13/13 MP: 3/3
   359 | D:1      | Reached XP level 2. HP: 18/18 MP: 3/5
   380 | D:1      | Learned a level 2 spell: Wereblood
   587 | D:1      | Reached skill level 1 in Stealth
  1342 | D:2      | Reached XP level 3. HP: 23/23 MP: 4/6
  1493 | D:2      | Reached skill level 2 in Stealth
  1540 | D:2      | Noticed Jessica
  1547 | D:2      | Killed Jessica
  1548 | D:2      | Reached XP level 4. HP: 18/29 MP: 7/7
  1668 | D:2      | You fall into a shaft and drop 2 floors!
  1870 | D:4      | Found Caschiy's Weapon Shop.
  2042 | D:4      | Noticed a water moccasin
  2051 | D:4      | Killed a water moccasin
  2052 | D:4      | Reached skill level 3 in Stealth
  2052 | D:4      | Reached XP level 5. HP: 10/35 MP: 6/9
  2376 | D:4      | Reached XP level 6. HP: 39/41 MP: 10/10
  3619 | D:4      | Reached skill level 4 in Stealth
  3829 | D:4      | Noticed Menkaure
  3834 | D:4      | Killed Menkaure
  4084 | D:4      | Noticed a yak
  4085 | D:4      | Noticed a yak
  4086 | D:4      | Noticed a yak
  4092 | D:4      | Reached XP level 7. HP: 38/46 MP: 10/12
  4109 | D:4      | Killed a yak
  4110 | D:4      | Reached skill level 5 in Stealth
  4359 | D:4      | Noticed Sigmund
  4377 | D:4      | Killed Sigmund
  4593 | D:4      | Found a sacrificial altar of Ru.
  4644 | D:4      | HP: 2/48 [orc (3)]
  4645 | D:4      | Mangled by a yak

Illustrated notes

Levels and vault maps discovered:
D:1:      saegor_arrival_fortress, layout_loops_ring, hangedman_decor_push
D:2:      layout_basic, uniq_jessica
D:3:      layout_loops_corners, small_statue_intersection
D:4:      layout_rooms, nicolae_ru_path_of_blood, serial_shops,
          kennysheep_mini_moat, corexii_checkpoint_a, saegor_snake_ambush,
          uniq_menkaure, uniq_sigmund

Skill      XL: |  1  2  3  4  5  6  7 |
---------------+----------------------+-----
Stealth        | 1 2 3 4 5 |  5.7
Fighting       | 2 3 4 |  4.0
Spellcasting   | 3 4 |  4.2
Transmutations | 3 |  3.4
Unarmed Combat | 4 |  4.1
Dodging        | |  2.0

Action                   |  1- 3 |  4- 6 |  7- 9 || total
-------------------------+-------+-------+-------++-------
Melee: Unarmed           |    47 |    64 |    45 ||   156
       Constrict         |    11 |    13 |     5 ||    29
       Kick              |    10 |    23 |    10 ||    43
       Tentacles         |     7 |    16 |    11 ||    34
       Punch             |       |     2 |     2 ||     4
Throw: Javelin           |       |    15 |     1 ||    16
 Cast: Beastly Appendage |    18 |    16 |     3 ||    37
       Wereblood         |       |       |     1 ||     1
  Use: Scroll            |       |     5 |       ||     5
       Potion            |       |     4 |     1 ||     5
 Stab: Sleeping          |     6 |     6 |       ||    12
Armor: Skin              |     3 |     9 |     4 ||    16
Dodge: Dodged            |    16 |    19 |    15 ||    50

Table legend: (Time is in decaauts)
 A = Elapsed time spent in this place.
 B = Non-inter-level travel time spent in this place.
 C = Inter-level travel time spent in this place.
 D = Time resting spent in this place.
 E = Time spent auto-exploring this place.
 F = Levels seen in this place.
 G = Mean time per level.
                   A        B        C        D        E       F      G
               +--------+--------+--------+--------+--------+-----+--------+
         Total |   4623 |   4584 |     39 |   2197 |   1568 |   4 | 1155.8 |
       Dungeon |   4623 |   4584 |     39 |   2197 |   1568 |   4 | 1155.8 |
               +--------+--------+--------+--------+--------+-----+--------+

Top non-repeatable levels by time:
     D:4: 1590 daAuts
     D:1: 1240 daAuts
     D:3: 1084 daAuts
     D:2: 708 daAuts
